BSA
MAUI TROPICS @ BIRMINGHAM STEELDOGS
09/09/2025
 
TOP OF THE 1ST
Maui Tropics batting - Pitching for Birmingham Steeldogs : RHP Mitch Brown
Pitching: RHP Mitch Brown
Batting: LHB Doyle Otterburn 0-0: Ground out U3 (Groundball, 3L)
Batting: RHB Jesús Espinoza 0-0: Called Strike
0-1: Ball
1-1: Foul Ball, location: 2F
1-2: Foul Ball, location: 2F
1-2: Strikes out swinging
Batting: LHB Anacleto Morillo 0-0: Called Strike
0-1: Called Strike
0-2: Ball
1-2: Ball
2-2: DOUBLE (Line Drive, 9LS)
Batting: LHB Luis Antonio Torres 0-0: Called Strike
0-1: Ball
1-1: Ball
2-1: Ball
3-1: Foul Ball, location: 2F
3-2: Base on Balls
Batting: LHB Henry Huffman 0-0: Ball
1-0: Ball
2-0: Ball
3-0: Base on Balls
Anacleto Morillo to third
Luis Antonio Torres to second
Batting: RHB Jeff Packard 0-0: Ball
1-0: SINGLE (Groundball, 56D)
Anacleto Morillo scores
Luis Antonio Torres to third
Henry Huffman to second
Runner from 3rd tries for Home, SAFE, no throw or cutoff
Batting: RHB Phil White 0-0: Ball
1-0: Ball
2-0: Foul Ball, location: 2F
2-1: Swinging Strike
2-2: Ball
3-2: Strikes out swinging
Top of the 1st over - 2 run(s), 2 hit(s), 0 error(s), 2 left on base; Maui 2 - Birmingham 0
BOTTOM OF THE 1ST
Birmingham Steeldogs batting - Pitching for Maui Tropics : RHP Denny Green
Pitching: RHP Denny Green
Batting: LHB Glenn Garrett 0-0: Ball
1-0: Foul Ball, location: 2F
1-1: SINGLE (Groundball, 34) (infield hit)
Batting: LHB José Sánchez 0-0: Ball
Wild Pitch!
Glenn Garrett to second
1-0: Ball
2-0: SINGLE (Groundball, 56D)
Glenn Garrett to third
Runner from 3rd tries for Home, SAFE, no throw or cutoff
Batting: LHB Chris Miller 0-0: Called Strike
0-1: SINGLE (Line Drive, 56D)
José Sánchez to second
Batting: LHB Arturo Molina 0-0: Swinging Strike
0-1: Fly out, F8 (Flyball, 78D)
Batting: RHB Valentín Borges 0-0: Swinging Strike
0-1: Ball
1-1: SINGLE (Line Drive, 6MD)
José Sánchez to third
Chris Miller to second
Runner from 3rd tries for Home, throw and OUT!
Batting: SHB Jesús Ramírez 0-0: Swinging Strike
0-1: Ball
1-1: Ball
2-1: Ball
3-1: Called Strike
3-2: Fly out, F3 (Line Drive, 3)
Bottom of the 1st over - 1 run(s), 4 hit(s), 0 error(s), 2 left on base; Maui 2 - Birmingham 1
TOP OF THE 2ND
Maui Tropics batting - Pitching for Birmingham Steeldogs : RHP Mitch Brown
Batting: RHB Eugene Gill 0-0: Ball
1-0: Called Strike
1-1: Ball
2-1: Ground out 6-3 (Groundball, 6)
Batting: LHB Mario Olivares 0-0: Called Strike
0-1: Ground out 4-3 (Groundball, 4)
Batting: LHB Doyle Otterburn 0-0: Ball
1-0: Called Strike
1-1: Ball
2-1: Foul Ball, location: 2F
2-2: Ground out 4-3 (Groundball, 4M)
Top of the 2nd over - 0 run(s), 0 hit(s), 0 error(s), 0 left on base; Maui 2 - Birmingham 1
BOTTOM OF THE 2ND
Birmingham Steeldogs batting - Pitching for Maui Tropics : RHP Denny Green
Batting: LHB Mitchell Oglethorpe 0-0: Foul Ball, location: 2F
0-1: Called Strike
0-2: SINGLE (Groundball, 34D)
Batting: LHB Ashley Pickhills 0-0: Called Strike
0-1: Ball
1-1: Ball
2-1: Ball
3-1: Fly out, F8 (Flyball, 78M)
Batting: SHB John Miller 0-0: Called Strike
0-1: Ball
1-1: Ground out 3-1 (Groundball, 34)
Mitchell Oglethorpe to second
Batting: LHB Glenn Garrett 0-0: Foul Ball, location: 2F
0-1: Ball
1-1: SINGLE (Groundball, 4MD) (infield hit)
Mitchell Oglethorpe to third
Batting: LHB José Sánchez 0-0: Called Strike
0-1: Called Strike
0-2: Ball
1-2: SINGLE (Flyball, 4MD)
Mitchell Oglethorpe scores
Glenn Garrett to second
Runner from 2nd tries for 3rd, SAFE, throw made to third
Batting: LHB Chris Miller 0-0: Ball
1-0: Ball
2-0: Ball
3-0: Called Strike
3-1: Ground out 4-3 (Groundball, 4)
Bottom of the 2nd over - 1 run(s), 3 hit(s), 0 error(s), 2 left on base; Maui 2 - Birmingham 2
TOP OF THE 3RD
Maui Tropics batting - Pitching for Birmingham Steeldogs : RHP Mitch Brown
Batting: RHB Jesús Espinoza 0-0: Ball
1-0: Fly out, F3 (Line Drive, 34)
Batting: LHB Anacleto Morillo 0-0: DOUBLE (Flyball, 89XD)
Batting: LHB Luis Antonio Torres 0-0: Ball
1-0: Fly out, F7 (Flyball, 7M)
Batting: LHB Henry Huffman 0-0: Called Strike
0-1: Ball
1-1: Ground out 4-3 (Groundball, 13)
Top of the 3rd over - 0 run(s), 1 hit(s), 0 error(s), 1 left on base; Maui 2 - Birmingham 2
BOTTOM OF THE 3RD
Birmingham Steeldogs batting - Pitching for Maui Tropics : RHP Denny Green
Batting: LHB Arturo Molina 0-0: Swinging Strike
0-1: Foul Ball, location: 2F
0-2: Ball
1-2: Foul Ball, location: 2F
1-2: Ball
2-2: Foul Ball, location: 2F
2-2: Ball
3-2: Foul Ball, location: 2F
3-2: Base on Balls
Batting: RHB Valentín Borges 0-0: Ball
1-0: Called Strike
1-1: Foul Ball, location: 2F
1-2: SINGLE (Flyball, 8LS)
Arturo Molina to second
Batting: SHB Jesús Ramírez 0-0: Called Strike
0-1: Ball
1-1: Called Strike
1-2: Strikes out swinging
Batting: LHB Mitchell Oglethorpe 0-0: Fielders Choice at 2nd, 1-6 (Groundball, 13S)
Arturo Molina to third
Batting: LHB Ashley Pickhills 0-0: SINGLE (Line Drive, 3D)
Arturo Molina scores
Mitchell Oglethorpe to second
Runner from 2nd tries for 3rd, SAFE, throw made to third
Batting: SHB John Miller 0-0: Ball
1-0: Called Strike
1-1: Ball
2-1: Foul Ball, location: 2F
2-2: Foul Ball, location: 2F
2-2: Foul Ball, location: 2F
2-2: Ball
3-2: Foul Ball, location: 2F
3-2: Strikes out looking
Bottom of the 3rd over - 1 run(s), 2 hit(s), 0 error(s), 2 left on base; Maui 2 - Birmingham 3
TOP OF THE 4TH
Maui Tropics batting - Pitching for Birmingham Steeldogs : RHP Mitch Brown
Batting: RHB Jeff Packard 0-0: Ball
1-0: Called Strike
1-1: Called Strike
1-2: Strikes out swinging
Batting: RHB Phil White 0-0: Called Strike
0-1: Foul Ball, location: 2F
0-2: Strikes out swinging
Batting: RHB Eugene Gill 0-0: Called Strike
0-1: Ball
1-1: Called Strike
1-2: Strikes out swinging
Top of the 4th over - 0 run(s), 0 hit(s), 0 error(s), 0 left on base; Maui 2 - Birmingham 3
BOTTOM OF THE 4TH
Birmingham Steeldogs batting - Pitching for Maui Tropics : RHP Denny Green
Batting: LHB Glenn Garrett 0-0: Foul Ball, location: 2F
0-1: Ground out 4-3 (Groundball, 4M)
Batting: LHB José Sánchez 0-0: Ball
1-0: Fly out, F6 (Popup, 8LS)
Batting: LHB Chris Miller 0-0: Foul Ball, location: 2F
0-1: Swinging Strike
0-2: Fly out, F7 (Flyball, 7LM)
Bottom of the 4th over - 0 run(s), 0 hit(s), 0 error(s), 0 left on base; Maui 2 - Birmingham 3
TOP OF THE 5TH
Maui Tropics batting - Pitching for Birmingham Steeldogs : RHP Mitch Brown
Batting: LHB Mario Olivares 0-0: Foul Ball, location: 2F
0-1: Ball
1-1: Ball
2-1: Ground out 6-3 (Groundball, 6M)
Batting: LHB Doyle Otterburn 0-0: Swinging Strike
0-1: Foul Ball, location: 2F
0-2: Ball
1-2: Ground out 4-3 (Groundball, 34)
Batting: RHB Jesús Espinoza 0-0: Swinging Strike
0-1: Ball
1-1: Ball
2-1: Ball
3-1: Ground out 4-3 (Groundball, 4)
Top of the 5th over - 0 run(s), 0 hit(s), 0 error(s), 0 left on base; Maui 2 - Birmingham 3
BOTTOM OF THE 5TH
Birmingham Steeldogs batting - Pitching for Maui Tropics : RHP Denny Green
Batting: LHB Arturo Molina 0-0: Ball
1-0: Foul Ball, location: 2F
1-1: Swinging Strike
1-2: Foul Ball, location: 2F
1-2: Fly out, F7 (Line Drive, 78M)
Batting: RHB Valentín Borges 0-0: Called Strike
0-1: Ball
1-1: Ball
2-1: Called Strike
2-2: Ball
3-2: Ground out 4-3 (Groundball, 4)
Batting: SHB Jesús Ramírez 0-0: Ball
1-0: Swinging Strike
1-1: Ball
2-1: Ball
3-1: Foul Ball, location: 2F
3-2: Foul Ball, location: 2F
3-2: Foul Ball, location: 2F
3-2: Base on Balls
Batting: LHB Mitchell Oglethorpe 0-0: Called Strike
0-1: Ball
1-1: Ball
Wild Pitch!
Jesús Ramírez to second
2-1: Called Strike
2-2: Ball
3-2: Base on Balls
Batting: LHB Ashley Pickhills 0-0: Swinging Strike
0-1: Foul Ball, location: 2F
0-2: Ground out U3 (Groundball, 3L)
Bottom of the 5th over - 0 run(s), 0 hit(s), 0 error(s), 2 left on base; Maui 2 - Birmingham 3
TOP OF THE 6TH
Maui Tropics batting - Pitching for Birmingham Steeldogs : RHP Mitch Brown
Batting: LHB Anacleto Morillo 0-0: Foul Ball, location: 2F
0-1: Ball
1-1: Swinging Strike
1-2: Ground out 4-3 (Groundball, 4)
Batting: LHB Luis Antonio Torres 0-0: Ball
1-0: Foul Ball, location: 2F
1-1: Swinging Strike
1-2: Ball
2-2: Ball
3-2: Base on Balls
Batting: LHB Henry Huffman 0-0: SINGLE (Line Drive, 4M)
Luis Antonio Torres to second
Batting: RHB Jeff Packard 0-0: Ball
1-0: Called Strike
1-1: SINGLE (Groundball, 34D)
Luis Antonio Torres to third
Henry Huffman to second
Batting: RHB Phil White 0-0: Ball
1-0: Ball
2-0: Called Strike
2-1: SINGLE (Line Drive, 56D)
Luis Antonio Torres scores
Henry Huffman to third
Jeff Packard to second
Batting: RHB Eugene Gill 0-0: Called Strike
0-1: Swinging Strike
0-2: Foul Ball, location: 2F
0-2: Strikes out looking
Batting: LHB Mario Olivares 0-0: Called Strike
0-1: Ball
1-1: Called Strike
1-2: Ball
2-2: Fly out, F6 (Line Drive, 6M)
Top of the 6th over - 1 run(s), 3 hit(s), 0 error(s), 3 left on base; Maui 3 - Birmingham 3
BOTTOM OF THE 6TH
Birmingham Steeldogs batting - Pitching for Maui Tropics : RHP Denny Green
Pitching: RHP Dave Riley
Batting: SHB John Miller 0-0: Called Strike
0-1: Swinging Strike
0-2: Ball
1-2: Strikes out swinging
Batting: LHB Glenn Garrett 0-0: Called Strike
0-1: Ground out 6-3 (Groundball, 6M)
Batting: LHB José Sánchez 0-0: Ball
1-0: Ball
2-0: Ball
3-0: Base on Balls
Batting: LHB Chris Miller 0-0: Called Strike
0-1: Foul Ball, location: 2F
0-2: Ball
1-2: Strikes out swinging
Bottom of the 6th over - 0 run(s), 0 hit(s), 0 error(s), 1 left on base; Maui 3 - Birmingham 3
TOP OF THE 7TH
Maui Tropics batting - Pitching for Birmingham Steeldogs : RHP Mitch Brown
Pitching: RHP José Ruíz
Batting: LHB Doyle Otterburn 0-0: Called Strike
0-1: SINGLE (Line Drive, 6M)
Batting: RHB Jesús Espinoza 0-0: Bunted foul
0-1: Bunted foul
0-2: Ball
1-2: Ball
2-2: Strikes out looking
Batting: LHB Anacleto Morillo 0-0: Ball
1-0: Ball
2-0: Ball
3-0: Called Strike
3-1: Called Strike
3-2: 2-RUN HOME RUN (Flyball, 9LD), Distance : 365 ft
Batting: LHB Luis Antonio Torres 0-0: Ball
1-0: Ball
2-0: Ball
3-0: Foul Ball, location: 2F
3-1: Fly out, F5 (Line Drive, 56)
Batting: LHB Henry Huffman 0-0: Ball
1-0: Ball
2-0: Swinging Strike
2-1: Called Strike
2-2: Strikes out swinging
Top of the 7th over - 2 run(s), 2 hit(s), 0 error(s), 0 left on base; Maui 5 - Birmingham 3
BOTTOM OF THE 7TH
Birmingham Steeldogs batting - Pitching for Maui Tropics : RHP Dave Riley
Batting: LHB Arturo Molina 0-0: Swinging Strike
0-1: Swinging Strike
0-2: Ball
1-2: SINGLE (Groundball, 34S)
Batting: RHB Valentín Borges 0-0: Called Strike
0-1: Grounds into double play, 5-4-3 (Groundball, 56)
Batting: SHB Jesús Ramírez 0-0: Foul Ball, location: 2F
0-1: Ball
1-1: Foul Ball, location: 2F
1-2: Foul Ball, location: 2F
1-2: Ball
2-2: Ball
3-2: Foul Ball, location: 2F
3-2: Foul Ball, location: 2F
3-2: Ground out 3-1 (Groundball, 34)
Bottom of the 7th over - 0 run(s), 1 hit(s), 0 error(s), 0 left on base; Maui 5 - Birmingham 3
TOP OF THE 8TH
Maui Tropics batting - Pitching for Birmingham Steeldogs : RHP José Ruíz
Batting: RHB Jeff Packard 0-0: Called Strike
0-1: Ball
1-1: Swinging Strike
1-2: Foul Ball, location: 2F
1-2: Ground out 5-3 (Groundball, 5S)
Batting: RHB Phil White 0-0: Ball
1-0: SINGLE (Line Drive, 78S)
Batting: RHB Eugene Gill 0-0: Ball
1-0: Fly out, F3 (Popup, 3F)
Batting: LHB Mario Olivares 0-0: Fly out, F9 (Flyball, 9S)
Top of the 8th over - 0 run(s), 1 hit(s), 0 error(s), 1 left on base; Maui 5 - Birmingham 3
BOTTOM OF THE 8TH
Birmingham Steeldogs batting - Pitching for Maui Tropics : RHP Dave Riley
Batting: LHB Mitchell Oglethorpe 0-0: Ball
1-0: Ball
2-0: Ball
3-0: Base on Balls
Pinch Runner at 1st Nick Webb:
Batting: LHB Ashley Pickhills 0-0: Ball
1-0: Fielders Choice at 2nd, 6-4 (Groundball, 6M)
Batting: SHB John Miller 0-0: Ball
1-0: Called Strike
1-1: Ball
2-1: Ground out 5-3 (Groundball, 56S)
Ashley Pickhills to second
Batting: LHB Glenn Garrett 0-0: Foul Ball, location: 2F
0-1: Swinging Strike
0-2: Ground out 4-3 (Groundball, 34)
Bottom of the 8th over - 0 run(s), 0 hit(s), 0 error(s), 1 left on base; Maui 5 - Birmingham 3
TOP OF THE 9TH
Maui Tropics batting - Pitching for Birmingham Steeldogs : RHP José Ruíz
Now in LF: Lorenzo Martínez
Batting: LHB Doyle Otterburn 0-0: Called Strike
0-1: Ground out U3 (Groundball, 3S)
Batting: RHB Jesús Espinoza 0-0: Ball
1-0: Ball
2-0: Ball
3-0: Called Strike
3-1: Base on Balls
Batting: LHB Anacleto Morillo 0-0: Ball
1-0: Ball
2-0: Fly out, F8 (Flyball, 78M)
Batting: LHB Luis Antonio Torres 0-0: Fly out, F9 (Line Drive, 89XD)
Top of the 9th over - 0 run(s), 0 hit(s), 0 error(s), 1 left on base; Maui 5 - Birmingham 3
BOTTOM OF THE 9TH
Birmingham Steeldogs batting - Pitching for Maui Tropics : RHP Dave Riley
Now at SS: Javier Espinoza
Batting: LHB José Sánchez 0-0: Ball
1-0: Called Strike
1-1: Ball
2-1: Foul Ball, location: 2F
2-2: SINGLE (Groundball, 34) (infield hit)
Batting: LHB Chris Miller 0-0: Ball
1-0: Ball
2-0: Foul Ball, location: 2F
2-1: Foul Ball, location: 2F
2-2: Strikes out swinging
Batting: LHB Arturo Molina 0-0: Foul Ball, location: 2F
0-1: Ball
1-1: Swinging Strike
1-2: Foul Ball, location: 2F
1-2: Ball
2-2: SINGLE (Line Drive, 78M)
José Sánchez to second
Pitching: RHP Ricardo Marino
Batting: RHB Valentín Borges 0-0: Fly out, F6 (Popup, 6D)
Batting: SHB Jesús Ramírez 0-0: Called Strike
0-1: Swinging Strike
0-2: Ball
1-2: Ball
2-2: Ground out 3-1 (Groundball, 34)
Bottom of the 9th over - 0 run(s), 2 hit(s), 0 error(s), 2 left on base; Maui 5 - Birmingham 3
This league is powered by Out of the Park Baseball, the baseball management simulation game for PC, Mac and Linux
Tuesday, August 2nd, 2016 - OOTP Baseball 16.8 Build 38